 Dungeon Crawl Stone Soup version 0.25-a0-578-gc91f01c (webtiles) character file.

Game seed: 1392064251763220022, levelgen mode: deterministic

63 Anathematize the Vexing (level 3, -4/26 HPs)
             Began as a Demonspawn Enchanter on Mar 6, 2020.
             Killed from afar by Natasha (5 damage)
             ... with a magic dart
             ... on level 2 of the Dungeon.
             The game lasted 00:05:21 (1806 turns).

Anathematize the Vexing (Demonspawn Enchanter)      Turns: 1806, Time: 00:05:22

Health: -4/26      AC:  5    Str:  9    XL:     3   Next: 87%
Magic:  6/6        EV: 10    Int: 16    God:
Gold:   120        SH:  0    Dex: 13    Spells: 2/6 levels left

rFire    . . .     SeeInvis .   q - +0 dagger (protect)
rCold    . . .     Gourm    .   (no shield)
rNeg     . . .     Faith    .   h - +0 ring mail
rPois    .         Spirit   .   (helmet restricted)
rElec    .         Reflect  .   (no cloak)
rCorr    .         Harm     .   (no gloves)
MR       .....                  (no boots)
Stlth    ++........             (no amulet)
HPRegen  0.08/turn              (no ring)
MPRegen  0.10/turn              (no ring)

@: no status effects
A: horns 1, spiny 1
a: no special abilities


You were on level 2 of the Dungeon.
You were not hungry.

You visited 1 branch of the dungeon, and saw 2 of its levels.

You collected 120 gold pieces.

Inventory:

Hand Weapons
 a - a +1 dagger
 e - a +0 hunting sling
 q - a +0 dagger of protection (weapon)
Missiles
 i - 10 poisoned darts (quivered)
 o - 32 stones
 s - 4 javelins
Armour
 b - a +0 robe
 c - a +0 leather armour
 h - a +0 ring mail (worn)
Jewellery
 m - an uncursed ring of poison resistance {unknown}
Scrolls
 f - a scroll of remove curse {unknown}
 j - a scroll of amnesia {unknown}
 k - 2 scrolls of identify {unknown}
 l - a scroll of noise {unknown}
 n - a scroll of immolation {unknown}
 p - 2 scrolls of teleportation {unknown}
 r - a scroll of enchant armour {unknown}
Comestibles
 d - 5 rations


   Skills:
 + Level 1.4 Fighting
 * Level 2.4 Short Blades
 + Level 0.8 Throwing
 - Level 1.7 Dodging
 - Level 3.0 Stealth
 - Level 2.0 Spellcasting
 + Level 3.1 Hexes


You had 2 spell levels left.
You knew the following spells:

 Your Spells              Type           Power        Failure   Level  Hunger
a - Corona                Hex            ##.....      16%         1    #......
b - Confusing Touch       Hex            ##......     43%         3    ###....

Your spell library contained the following spells:

 Spells                   Type           Power        Failure   Level  Hunger
 Ensorcelled Hibernation  Hex/Ice        #.....       43%         2    ###....
 Tukima's Dance           Hex            ##......     43%         3    ###....
 Dazzling Flash           Conj/Hex       #.....       67%         3    ###....


Dungeon Overview and Level Annotations

Branches:
Dungeon (2/15)

Altars:
Fedhas
Yredelemnul
The Shining One

Annotations:
D:2 Natasha


Innate Abilities, Weirdness & Mutations

You have a pair of small horns on your head.
You are partially covered in sharp spines.


Message History

You completely miss Natasha. You headbutt Natasha, but do no damage.
Natasha is heavily wounded.
Natasha closely misses you.
Throwing (i - inventory. (/) - cycle)
i - 12 poisoned darts (quivered)
Press: ? - help, Shift-Dir - straight line, f/p - Natasha
Aim: Natasha (heavily wounded, unusually strong, poisoned)
You throw a poisoned dart. The poisoned dart hits Natasha.
Natasha looks even sicker.
Natasha is heavily wounded.
Natasha closely misses you.
Throwing (i - inventory. (/) - cycle)
i - 11 poisoned darts (quivered)
Press: ? - help, Shift-Dir - straight line, f/p - Natasha
Aim: Natasha (heavily wounded, unusually strong, very poisoned)
You throw a poisoned dart.
The poisoned dart barely misses Natasha.
Natasha claws you!
* * * LOW HITPOINT WARNING * * *
Natasha casts a spell at you. The magic dart hits you.
You die...

#.#..............##............#
##.#>#####.#####.#########.#####
###.## #.# #.# ##.## ..### #.#
#.# #...# #.# #.# #.# #...#####
#.########.#####.# #........
..##.....#.......# #####...####.
..##.....#.##.#..####............
..##.........##.@.h.(((..........
.........#.#####.####....>.......
.##......#..#≈_#.# ##.#########.
.##.######..##.#.#####.#### ..
.##.# ##..'.#.##.......#######
###.##### ####.#.##....##.##...#
###.#...#####≈_#.##.....#.####.##
....#<......####......_..........
........####.##..##.#.....####.#.


You could see Natasha.

Vanquished Creatures
  Natasha (D:2)
  3 dart slugs (D:1)
  A leopard gecko (D:2)
  4 bats
  A giant cockroach (D:1)
  2 hobgoblins (D:1)
  2 jackals (D:1)
  A quokka (D:2)
  A frilled lizard (D:1)
  6 goblins
  3 kobolds (D:1)
  8 rats
33 creatures vanquished.

Notes
Turn   | Place    | Note
-------+----------+-------------------------------------------
     0 | D:1      | Anathematize the Demonspawn Enchanter began the quest for
                  | the Orb.
     0 | D:1      | Reached XP level 1. HP: 13/13 MP: 3/3
    71 | D:1      | Reached skill level 1 in Short Blades
   632 | D:1      | Gained mutation: You have a pair of small horns on your
                  | head. [demonic ancestry]
   632 | D:1      | Reached XP level 2. HP: 20/20 MP: 5/5
  1003 | D:1      | Reached skill level 1 in Fighting
  1212 | D:2      | Gained mutation: You are partially covered in sharp spines.
                  | [demonic ancestry]
  1212 | D:2      | Reached XP level 3. HP: 24/26 MP: 6/6
  1300 | D:2      | Found a basalt altar of Yredelemnul.
  1461 | D:2      | Learned a level 3 spell: Confusing Touch
  1511 | D:2      | Noticed Natasha
  1519 | D:2      | Killed Natasha
  1702 | D:2      | Found a blossoming altar of Fedhas.
  1702 | D:2      | Found a glowing golden altar of the Shining One.
  1792 | D:2      | Noticed Natasha
  1805 | D:2      | HP: 1/26 [Natasha (10)]
  1806 | D:2      | Killed from afar by Natasha

Levels and vault maps discovered:
D:1:      tarquinn_simple_flora_water_b, layout_basic
D:2:      layout_loops_cross, nicolae_overflow_crystal_walls,
          gammafunk_temple_overflow_elements, first_ration,
          chequers_serial_rivers_marsh, ebering_dispersal_statue_hall,
          uniq_natasha

Skill      XL: |  1  2 |
---------------+-------+-----
Short Blades   | 1 2 |  2.4
Stealth        | 3 |  3.0
Fighting       | 1 |  1.4
Throwing       | |  0.8
Dodging        | |  1.7
Spellcasting   | |  2.0
Hexes          | |  3.1

Action                   || total
-------------------------++-------
Melee: Dagger            ||   125
       Headbutt          ||    13
Throw: Dart              ||     5
 Stab: Sleeping          ||     1
  Eat: Chunk             ||     3
Armor: Leather armour    ||    20
       Robe              ||     3
       Ring mail         ||    19
Dodge: Dodged            ||    68

Table legend:
 A = Non-vault XP
 B = Vault XP
 C = Vault XP percentage of total XP
 D = Non-vault monster count
 E = Vault monster count
 F = Vault count percentage of total count
                 A         B        C        D         E       F
            +---------+---------+-------+---------+---------+-------
      Total |      55 |      35 |  38.9 |      32 |       1 |   3.0
            +---------+---------+-------+---------+---------+-------
        D:1 |      40 |       0 |   0.0 |      23 |       0 |   0.0
        D:2 |      15 |      35 |  70.0 |       9 |       1 |  10.0
            +---------+---------+-------+---------+---------+-------
